 Dungeon Crawl Stone Soup version 0.27.0-65-ge2af304b15 (webtiles) character file.

Game seed: 6092402790299022890

44 Spectrina the Covert (level 3, -6/22 HPs)
             Began as a Vampire Delver on Aug 19, 2021.
             Was an Initiate of Ru.
             Mangled by a crimson imp (15 damage)
             ... on level 4 of the Dungeon.
             The game lasted 00:02:55 (241 turns).

Spectrina the Covert (Vampire Delver)                Turns: 241, Time: 00:02:56

Health: -6/22      AC:  3    Str: 11    XL:     3   Next: 39%
Magic:  3/3        EV: 11    Int: 12    God:    Ru [......]
Gold:   47         SH:  3    Dex: 16    Spells: 2/2 levels left

rFire    . . .     SeeInvis +   a - +0 short sword
rCold    + + .     Faith    .   i - +0 buckler
rNeg     + + +     Spirit   .   b - +0 leather armour
rPois    ∞         Reflect  .   (no helmet)
rElec    .         Harm     .   (no cloak)
rCorr    .         Rampage  .   (no gloves)
Will     .....                  (no boots)
Stlth    ++++++....             (no amulet)
HPRegen  0.00/turn              (no ring)
MPRegen  0.08/turn              (no ring)

@: bloodless, inhibited regen
A: bloodless, fangs 3, see invisible, vampiric 2
a: Bat Form, Revivify, Renounce Religion


You were on level 4 of the Dungeon.
You worshipped Ru.
Ru was noncommittal.
You visited 1 branch of the dungeon, and saw 2 of its levels.

You collected 47 gold pieces.

Inventory:

Hand Weapons
 a - a +0 short sword (weapon)
 l - a +0 whip of venom
Missiles
 j - 43 stones (quivered)
 m - 19 poisoned darts
Armour
 b - a +0 leather armour (worn)
 i - a +0 buckler (worn)
Wands
 g - a wand of digging (3)
Scrolls
 c - a scroll of fog
 d - a scroll of magic mapping
 e - a scroll of fear
 k - a scroll of silence {unknown}
Potions
 f - a potion of haste
 h - a potion of attraction {unknown}
 n - a potion of resistance {unknown}


   Skills:
 - Level 2.6 Fighting
 - Level 2.1 Short Blades
 - Level 2.1 Dodging
 + Level 9.0 Stealth


You had 2 spell levels left.
You didn't know any spells.
Your spell library contained the following spells:

 Spells                   Type           Power      Damage    Failure   Level
 Foxfire                  Conj/Fire      0%         2x1d4     58%         1
 Conjure Flame            Conj/Fire      0%         6-21      91%         3
 Inner Flame              Hex/Fire       0%         N/A       91%         3


Dungeon Overview and Level Annotations

Branches:
Dungeon (5/15)
 Temple: D:4-7

Altars:
Cheibriados
Fedhas
Ru
Trog
Xom


Innate Abilities, Weirdness & Mutations

You do not regenerate when monsters are visible.
You are frail without blood (-20% HP).
You can heal yourself when you bite living creatures.
You are immune to poison.
You have razor-sharp teeth.
You have supernaturally acute eyesight. (SInv)
You are afflicted with vampirism and can become a bat while bloodless.


Message History

You block the crimson imp's attack. x2
Unknown command.
Okay, then.
Okay, then.
Unknown command.
You barely miss the crimson imp.
The crimson imp is moderately wounded.
The crimson imp hits you.
The crimson imp hits you with a +2 dagger of chaos.
You convulse.
Unknown command.
Okay, then.
Okay, then.
You hit the crimson imp.
The crimson imp is heavily wounded.
The crimson imp hits you but does no damage.
The crimson imp blinks!
Unknown command.
You hit the crimson imp.
You bite the crimson imp, but do no damage.
The crimson imp is lightly wounded.
The crimson imp blinks!
The crimson imp enters a dispersal trap!
You blink.
The crimson imp blinks!
Unknown command.
You closely miss the crimson imp.
The crimson imp hits you but does no damage.
You hit the crimson imp but do no damage.
The crimson imp closely misses you.
The crimson imp blinks!
You closely miss the crimson imp.
The crimson imp is lightly wounded.
The crimson imp closely misses you.
The crimson imp hits you with a +2 dagger of chaos.
You barely miss the crimson imp.
You bite the crimson imp, but do no damage.
The crimson imp closely misses you.
The crimson imp hits you with a +2 dagger of chaos.
You are electrocuted!
Ouch! That really hurt!
You die...

##.$.#.#
..# #...#.#
.. #...#.#
..
#...#.#####
#
#...#.#.#.#
#...###.#.#
#.....#...#
#...#.'.55+
#...###.@.#
#...# #^#^#
#...# #.#.#
#...# #####
#####


You could see 2 crimson imps.

Vanquished Creatures
  A bullfrog zombie (D:4)
  An adder (D:4)
  An orc (D:5)
3 creatures vanquished.

Notes
Turn   | Place    | Note
-------+----------+-------------------------------------------
     0 | D:5      | Spectrina the Vampire Delver began the quest for the Orb.
     0 | D:5      | Reached XP level 1. HP: 17/17 MP: 1/1
    17 | D:5      | Found a snail-covered altar of Cheibriados.
    20 | D:5      | Found a sacrificial altar of Ru.
    23 | D:5      | Found a blossoming altar of Fedhas.
    28 | D:5      | Found a bloodstained altar of Trog.
    34 | D:5      | Became a worshipper of Ru the Awakened
   143 | D:4      | Reached skill level 8 in Stealth
   143 | D:4      | Reached XP level 2. HP: 14/18 MP: 2/2
   143 | D:4      | Gained mutation: You are afflicted with vampirism and can
                  | become a bat while bloodless. [Vampire growth]
   143 | D:4      | Reached XP level 3. HP: 17/22 MP: 3/3
   192 | D:4      | Reached skill level 9 in Stealth
   225 | D:4      | Found a shimmering altar of Xom.
   241 | D:4      | Mangled by a crimson imp

Illustrated notes

Levels and vault maps discovered:
D:4:      layout_basic, led_xom_imps
D:5:      layout_basic, grunt_temple_overflow_cloverleaf,
          minmay_misc_feat_diagonals

Skill      XL: |  1  2  3 |
---------------+----------+-----
Stealth        | 8 9 |  9.0
Fighting       | |  2.6
Short Blades   | |  2.1
Dodging        | |  2.1

Action                   || total
-------------------------++-------
Melee: Short sword       ||    18
       Bite              ||     3
 Abil: Exsanguinate      ||     1
 Stab: Sleeping          ||     2
Armor: Leather armour    ||     3
Dodge: Dodged            ||     7
Block: Buckler           ||     3
